 Dungeon Crawl Stone Soup version 0.30-a0-1066-g63dfefce0d (webtiles) character file.

Game seed: 12039713617765003404

147105 ytrimaz the Alchemist (level 16, -2/136 HPs)
             Began as a Demigod Transmuter on Apr 11, 2023.
             Hit by a silver javelin thrown by a merfolk javelineer (9 damage)
             ... on level 4 of the Shoals on Apr 12, 2023.
             The game lasted 00:58:48 (32655 turns).

ytrimaz the Alchemist (Demigod Transmuter)         Turns: 32655, Time: 00:58:48

Health: -2/136     AC: 22    Str: 11    XL:     16   Next: 37%
Magic:  49/53      EV: 28    Int: 35    God:
Gold:   1000       SH:  2    Dex: 14    Spells: 12/36 levels left

rFire   . . .      SeeInvis .      - Unarmed
rCold   . . .      Faith    .    (shield currently unavailable)
rNeg    + . .      Spirit   .    Q - melded +2 robe {Archmagi}
rPois   ∞          Reflect  .    p - melded +2 helmet
rElec   +          Rampage  .    (cloak currently unavailable)
rCorr   +          Clarity  +    (gloves currently unavailable)
Will    ++++.                    a - melded +0 pair of boots
Stlth   +                        J - amulet of the Four Winds {rN+ Will+++ Clar}
HPRegen 0.42/turn                K - ring of the Octopus King {HP+2 MP+9 AC+2 EV+2 SH+2}
MPRegen 0.33/turn                c - ring "Leosias" {rCorr MP+9}

@: storm-form, wereblooded, flying, very slightly contaminated
A: cleaving, insubstantial, flying, high MP 1, forlorn, divine attributes,
(hooves 1), (cold resistance 1), (deformed body), screaming 1
a: Blinkbolt, End Transformation


You were on level 4 of the Shoals.
You were a lightning-filled tempest!
You visited 5 branches of the dungeon, and saw 28 of its levels.

You collected 2841 gold pieces.
You spent 1841 gold pieces at shops.


Innate Abilities, Weirdness & Mutations

You are a lightning-filled tempest!
Your electrical attacks strike out in all directions at once.
You are incredibly evasive.
Your insubstantial body is immune to petrification, constriction, and being set on fire You are flying.
You are immune to poison.
Your armour is entirely melded.
You are incapable of wielding weapons or throwing items.
You have an increased reservoir of magic. (+10% MP)
You shall have no god before yourself.
Your divine heritage dramatically boosts your attributes as you level up.
((You have large cloven feet.))
((Your flesh is cold resistant. (rC+)))
((Armour fits poorly on your strangely shaped body.))
You occasionally shout uncontrollably at your foes.


   Skills:
 - Level 10.0 Fighting
 - Level 10.0 Dodging
 - Level 12.0 Unarmed Combat
 + Level 10.8 Spellcasting
 - Level 16.0 Transmutations
 - Level 3.0 Ice Magic
 * Level 11.2 Air Magic
 - Level 2.0 Poison Magic


You had 12 spell levels left.
You knew the following spells:

 Your Spells              Type           Power      Damage    Failure   Level
a - Storm Form            Tmut/Air       42%        N/A       7%          7
b - Wereblood             Tmut           92%        N/A       0%          2
c - Irradiate             Conj/Tmut      33%        3d22      2%          5
d - Dragon Form           Tmut           46%        N/A       2%          7
e - Spider Form           Tmut/Pois      70%        N/A       1%          3

Your spell library contained the following spells:

 Spells                   Type           Power      Damage    Failure   Level
 Beastly Appendage        Tmut           100%       N/A       0%          1
 Sting                    Tmut/Pois      100%       1d8       1%          1
 Ensorcelled Hibernation  Hex/Ice        58%        N/A       1%          2
 Passwall                 Tmut/Erth      55%        N/A       1%          2
 Poisonous Vapours        Pois/Air       100%       N/A       1%          2
 Mephitic Cloud           Conj/Pois/Air  49%        N/A       1%          3
 Swiftness                Air            78%        N/A       1%          3
 Ice Form                 Ice/Tmut       71%        N/A       1%          4
 Petrify                  Tmut/Erth      66%        N/A       1%          4
 Blade Hands              Tmut           46%        N/A       1%          5
 Slow                     Hex            76%        N/A       2%          1
 Summon Lightning Spire   Summ/Air       55%        N/A       2%          4
 Scorch                   Fire           38%        2d6       3%          2
 Sublimation of Blood     Necr           19%        N/A       3%          2
 Confusing Touch          Hex            19%        N/A       7%          3
 Inner Flame              Hex/Fire       19%        N/A       7%          3
 Portal Projectile        Hex/Tloc       38%        N/A       7%          3
 Vampiric Draining        Necr           19%        2d7       7%          3
 Volatile Blastmotes      Fire/Tloc      38%        2d13      7%          3
 Freezing Cloud           Conj/Ice/Air   25%        6-21      9%          5
 Olgreb's Toxic Radiance  Pois           33%        N/A       10%         4
 Summon Ice Beast         Ice/Summ       29%        N/A       12%         4
 Animate Dead             Necr           19%        N/A       22%         4
 Flame Wave               Conj/Fire      19%        2d7       22%         4
 Borgnjor's Vile Clutch   Necr/Erth      9%         N/A       54%         5
 Summon Mana Viper        Hex/Summ       19%        N/A       54%         5
 Maxwell's Capacitive Co  Air            39%        ∞         82%         8
 Simulacrum               Ice/Necr       14%        N/A       88%         6
 Death Channel            Necr           9%         N/A       98%         6
 Starburst                Conj/Fire      9%         6d5       98%         6
 Summon Cactus Giant      Summ           9%         N/A       98%         6
 Ozocubu's Refrigeration  Ice            20%        4d11      99%         7
 Monstrous Menagerie      Summ           9%         N/A       100%        7
 Polar Vortex             Ice            20%        N/A       100%        9

Inventory:

Missiles
 t - 6 throwing nets
Armour
 a - a +0 pair of boots (melded)
   (You found it on level 8 of the Dungeon)
 p - a +2 helmet (melded)
   (You found it on level 7 of the Dungeon)
 Q - a +2 robe of the Archmagi (melded)
   (You took it off Jorgrun on level 2 of the Orcish Mines)
Jewellery
 b - a ring of protection from cold
   (You found it on level 11 of the Dungeon)
 c - the ring "Leosias" (right fist) {rCorr MP+9}
   (You acquired it on level 5 of the Dungeon)

   [ring of magical power]

   MP:        It affects your magic capacity (+9).
   rCorr:     It protects you from acid and corrosion.
 e - a ring of ice
   (You found it on level 1 of the Dungeon)
 g - the ring "Muxobi" {Ice rPois rCorr Dex-4 Stlth+}
   (You found it on level 10 of the Dungeon)

   [ring of ice]

   It enhances your ice magic.
   Dex:       It affects your dexterity (-4).
   rF:        It makes you vulnerable to fire.
   rC:        It protects you from cold.
   rPois:     It protects you from poison.
   rCorr:     It protects you from acid and corrosion.
   Stlth:     It makes you more stealthy.
 h - a +5 ring of evasion
   (You found it on level 1 of the Dungeon)
 i - a +4 ring of slaying
   (You took it off a merfolk aquamancer on level 3 of the Shoals)
 k - a ring of wizardry
   (You found it on level 3 of the Shoals)
 r - a ring of protection from fire
   (You found it on level 5 of the Dungeon)
 x - a ring of positive energy
   (You found it on level 8 of the Dungeon)
 E - an amulet of regeneration
   (You found it on level 1 of the Lair of Beasts)
 F - a +5 ring of evasion
   (You found it on level 11 of the Dungeon)
 G - an amulet of guardian spirit
   (You found it on level 12 of the Dungeon)
 J - the amulet of the Four Winds (around neck) {rN+ Will+++ Clar}
   (You bought it in a shop on level 2 of the Orcish Mines)

   [amulet of nothing]

   rN:        It protects you from negative energy.
   Clar:      It protects you against confusion.
   Will:      It greatly increases your willpower.
 K - a ring of the Octopus King (left fist) {HP+2 MP+9 AC+2 EV+2 SH+2}
   (You bought it in a shop on level 2 of the Orcish Mines)

   [ring of magical power]

   AC:        It affects your AC (+2).
   EV:        It affects your evasion (+2).
   HP:        It affects your health (+2).
   MP:        It affects your magic capacity (+9).
   SH:        It affects your SH (+2).
 R - a ring of flight
   (You found it on level 3 of the Shoals)
 T - the brooch of Shielding {Spirit SH+8}
   (You took it off a vampire on level 13 of the Dungeon)

   [amulet of guardian spirit]

   It causes incoming damage to be divided between your reserves of health and
   magic.
   SH:        It affects your SH (+8).
 U - a ring of wizardry
   (You found it on level 13 of the Dungeon)
 Y - an amulet of reflection
   (You found it on level 15 of the Dungeon)
Wands
 j - a wand of charming (54)
   (You took it off Ijyb on level 3 of the Dungeon)
 l - a wand of acid (21)
   (You found it on level 9 of the Dungeon)
 q - a wand of roots (7)
   (You found it on level 9 of the Dungeon)
 v - a wand of digging (4)
   (You found it on level 6 of the Dungeon)
 w - a wand of flame (66)
   (You found it on level 6 of the Dungeon)
 L - a wand of mindburst (4)
   (You found it on level 3 of the Lair of Beasts)
 Z - a wand of polymorph (6)
   (You found it on level 1 of the Shoals)
Scrolls
 d - 3 scrolls of identify
 f - 3 scrolls of silence
 n - 8 scrolls of enchant armour
 o - 3 scrolls of magic mapping
 y - 5 scrolls of fear
 B - 6 scrolls of enchant weapon
 H - a scroll of teleportation
 M - 2 scrolls of brand weapon
 O - 3 scrolls of amnesia
 W - a scroll of blinking
 X - 2 scrolls of fog
Potions
 m - 4 potions of cancellation
 u - 9 potions of attraction
 z - 2 potions of magic
 A - 2 potions of brilliance
 C - a potion of ambrosia
 D - 3 potions of flight
 N - 7 potions of curing
 P - 2 potions of might
 S - a potion of invisibility
 V - a potion of lignification

Dungeon Overview and Level Annotations

Branches:
Dungeon (15/15) Zot: 25757  Temple (0/1) D:4            Lair (5/5) D:11 Zot: 23913
 Shoals (4/4) Lair:3 Zot: 19023   Snake (0/4) Lair:2        Slime (2/5) Lair:4 Zot: 11976
    Orc (2/2) D:10 Zot: 9226     Elf (0/3) Orc:2        Vaults (0/5) D:13
 Depths (0/4) D:15

Shops:
D:14 !   Orc:2 :=[?   Shoals:3 ?

Annotations:
Lair:2 2 runed translucent doors, mandoloar's ghost, journeyman OpTm

#..#..~~m..#
#m.#...~...#
#..#.....E.
#..#
#..#########
#~~~~..~.~~##
#~..#...#~~.#
#~..~~~.~.~.#
#~#~#v#~.~#~#
#...~.~~.~.~#
#.#~#.<...#~#
#.~~~.~~~~~~#
#~.~#..~.~#~#
#~~~~~.~~~~~#
#..~.~#~#~#~..
#~.~~~~.~~.~...
###############


You could see a merfolk javelineer.


Message History

The merfolk impaler is blasted with magical radiation!!
The merfolk impaler twists and deforms.
The merfolk impaler completely misses you.
You block the merfolk impaler's attack.
Unknown command. 😨 HP[+1] MP[-5]
You lost 5 mp, and now have 42/53 mp.
You blast the merfolk impaler!!!
You hear a shout!
The merfolk impaler hits you but does no damage. 😨 MP[+1]
You hit the merfolk impaler.
You feel a bit better.
You kill the merfolk impaler! 😨 HP[+1]
You barely miss the air elemental. The air elemental misses you.
An air elemental comes into view.
The air elemental fires a burst of electricity at you.
The stunning burst hits you. You resist.
* * * LOW HITPOINT WARNING * * *
A merfolk javelineer comes into view.
It is wielding a +2 spear of pain and quivering silver javelins. 😨 HP[-4]
You take 4 damage, and now have 41/136 hp.
You blast the air elemental!!!
You feel a bit better.
You destroy the air elemental!
The air elemental fires a burst of electricity at you.
The stunning burst hits you. You resist.
You suddenly lose the ability to move!
* * * LOW HITPOINT WARNING * * *
The merfolk javelineer throws a silver javelin.
The silver javelin pierces through you but does no damage.
The silver sears you!
* * * LOW HITPOINT WARNING * * *
The air elemental hits you.
* * * LOW HITPOINT WARNING * * *
The merfolk javelineer throws a silver javelin.
The silver javelin pierces through you.
* * * LOW HITPOINT WARNING * * *
The silver sears you!
* * * LOW HITPOINT WARNING * * *
You can move again. 😱 HP[-15] MP[+1]
You take 15 damage, and now have 26/136 hp.
You bellow as the wereblood boils in your veins!
The air elemental barely misses you. 😱 HP[+1] Unknown command.
You closely miss the air elemental.
The air elemental fires a burst of electricity at you.
The stunning burst hits you but does no damage.
The air elemental closely misses you.
Unknown command.
You closely miss the air elemental. Your punch misses the air elemental.
The air elemental fires a burst of electricity at you.
The stunning burst hits you but does no damage.
The air elemental completely misses you.
A water elemental comes into view. 😱 MP[+1]
Casting: Irradiate (mildly dangerous; 2% risk of failure)
Confirm with . or Enter, or press ? or * to list all spells.
You don't know that spell.
Unknown command.
Okay, then.
Unknown command.
You miss the air elemental. You block the air elemental's attack.
The air elemental fires a burst of electricity at you.
The stunning burst misses you. 😱 HP[+1] Unknown command.
You blast the air elemental!!!
You feel a bit better.
You destroy the air elemental! 😱 HP[+1] Unknown command. 😱 HP[+1] MP[+1]
The merfolk javelineer throws a silver javelin.
The silver javelin pierces through you but does no damage.
The silver sears you!
* * * LOW HITPOINT WARNING * * *
😱 HP[-1]
You take 1 damage, and now have 29/136 hp.
The merfolk javelineer throws a silver javelin.
The silver javelin barely misses you. 😱 HP[+1]
The merfolk javelineer throws a silver javelin.
The silver javelin pierces through you!
* * * LOW HITPOINT WARNING * * *
The silver sears you!
* * * LOW HITPOINT WARNING * * *
😱 HP[-14] MP[+1]
You take 14 damage, and now have 16/136 hp.
Unknown command. 😱 HP[+1] 😱 MP[+1] 😱 HP[+1]
You bellow as the wereblood boils in your veins! 😱 HP[+1] MP[+1]
You bellow as the wereblood boils in your veins!
The merfolk javelineer throws a silver javelin.
The silver javelin pierces through you!
* * * LOW HITPOINT WARNING * * *
The silver sears you!
You die...

Skill      XL: |  1  2  3  4  5  6  7  8  9 10 11 12 13 14 15 16 |
---------------+-------------------------------------------------+-----
Transmutations | 2 3 4 6 8 10 11 15 16 | 16.0
Poison Magic   | 1 2 |  2.0
Spellcasting   | 2 3 4 5 6 7 8 10 | 10.8
Ice Magic      | 1 2 3 |  3.0
Dodging        | 2 6 8 10 | 10.0
Unarmed Combat | 3 7 8 11 12 | 12.0
Fighting       | 1 10 | 10.0
Air Magic      | 2 9 11 | 11.2

Action                     |  1- 3 |  4- 6 |  7- 9 | 10-12 | 13-15 | 16-18 || total
---------------------------+-------+-------+-------+-------+-------+-------++-------
  Melee: Unarmed           |   119 |   163 |   340 |   664 |   816 |   161 ||  2263
         Headbutt          |     8 |     2 |       |       |       |       ||    10
         Kick              |    15 |     2 |       |       |       |       ||    17
         Punch             |     1 |     3 |     1 |    14 |    60 |    12 ||    91
         Tailslap          |       |       |       |    27 |    94 |       ||   121
         Bite              |       |       |       |    22 |    81 |       ||   103
  Throw: Throwing net      |       |       |       |     3 |       |       ||     3
   Cast: Beastly Appendage |    17 |     1 |       |       |       |       ||    18
         Spider Form       |     1 |    15 |    10 |    20 |       |       ||    46
         Wereblood         |     1 |     3 |    12 |    17 |    26 |     6 ||    65
         Ice Form          |       |     1 |    20 |    30 |     2 |       ||    53
         Blade Hands       |       |       |       |     5 |       |       ||     5
         Dragon Form       |       |       |       |    10 |    69 |     1 ||    80
         Irradiate         |       |       |       |     2 |     7 |     2 ||    11
         Storm Form        |       |       |       |       |    18 |    10 ||    28
Ability: End Transformatio |       |       |       |     1 |     2 |       ||     3
         Breathe Fire      |       |       |       |     1 |    13 |       ||    14
         Blinkbolt         |       |       |       |       |     4 |     3 ||     7
  Evoke: Wand              |       |       |       |       |     1 |       ||     1
    Use: Scroll            |     8 |     3 |    13 |    13 |    13 |     1 ||    51
         Potion            |     1 |     3 |     2 |     7 |     6 |     4 ||    23
   Stab: Sleeping          |     1 |     1 |       |       |       |       ||     2
         Distracted        |       |       |       |       |     1 |       ||     1
         Petrified         |       |       |       |       |     4 |       ||     4
 Armour: Robe              |    11 |     3 |       |       |       |     1 ||    15
         Skin              |     6 |    11 |    96 |   145 |   353 |    53 ||   664
         Troll leather arm |       |       |       |    13 |     4 |       ||    17
  Dodge: Dodged            |   100 |   195 |   239 |   660 |   822 |   218 ||  2234
  Block: Other             |       |       |       |       |    27 |    12 ||    39

Levels and vault maps discovered:
D:1:      dpeg_arrival_shrine, layout_basic, hex_intersection,
          minmay_hedge_maze, amcnicky_mini_pool_small, chequers_big_river,
          minmay_misc_feat_more_columns
D:2:      layout_loops_corners, basic_ecumenical_altar
D:3:      layout_loops_corners, mainiacjoe_overflow_paths, uniq_robin,
          uniq_ijyb, uniq_terence, uniq_natasha
D:4:      layout_cave_pools, minmay_temple_entry_enclosed_plants
D:5:      layout_rooms, uniq_blork_the_orc
D:6:      layout_basic, lemuel_doored_altar, marbit_many_paths,
          hangedman_abyss_or_decor_passed
D:7:      layout_rooms, mainiacjoe_overflow_alcove_1, minmay_overflow_temple_hex
D:8:      layout_rooms, mainiacjoe_overflow_catwalk
D:9:      layout_roguey, lemuel_round_altar
D:10:     layout_loops_corners, david_orc_3, serial_bayou_lagoon_a, uniq_snorg
D:11:     layout_irregular_city, erik_lair_orcish_takeover
D:12:     layout_roguey
D:13:     minmay_the_grid_square_5x5_3x3 [minmay_the_grid_square_5x5_tri_point,
          minmay_the_grid_square_5x5_detours, minmay_the_grid_square_5x5_empty,
          minmay_the_grid_square_5x5_v,
          minmay_the_grid_square_5x5_megaprize_diamond,
          minmay_the_grid_square_5x5_fancy_junction,
          minmay_the_grid_square_5x5_six,
          minmay_the_grid_square_5x5_tetrominoes,
          minmay_the_grid_square_5x5_three_walls], layout_stronghold,
          david_vaults_2
D:14:     layout_cave_pools, serial_shops, nicolae_lakefront_shop,
          serial_bayou_shore_b, nzn_wu_jian_contemplation
D:15:     hangedman_depths_entry_try_elsewhere_first, layout_irregular_city,
          serial_park_tiny_1, nrook_guardian_serpent_double
Lair:1:   layout_roguey, minivault_26
Lair:2:   layout_roguey, guppyfry_snake_entry_garden,
          ebering_ghost_disaster_area
Lair:3:   layout_regular_city, minmay_shoals_entry_centaurs, grunt_megastairs_2
Lair:4:   layout_loops_ring, slime_entry_1, serial_bayou_shore_b
Lair:5:   evilmike_catoblepas_cave, layout_misc_corridors,
          nicolae_quartered_pool_little, grunt_megastairs_5
Shoals:1: layout_shoals
Shoals:2: cheibrodos_shoals_gigantism, layout_shoals, nicolae_shoals_shepherds
Shoals:3: layout_shoals, portal_ice_cave_entry_dragon,
          gammafunk_ghost_necromancy, serial_shops, shop, uniq_polyphemus
Shoals:4: shoals_end_hellmonk_storm_palace [storm_palace_center_circular,
          storm_palace_corner_altar, storm_palace_corner_grid,
          storm_palace_corner_grid, storm_palace_corner_reverse_hut], uniq_mara
Slime:1:  layout_caves
Slime:2:  layout_caves, cheibrodos_slime_lost_civilization_5
Orc:1:    dreamdust_dug_too_deep, layout_caves, basic_altar,
          ebering_ghost_disaster_area, uniq_erica, uniq_harold
Orc:2:    st_orc_mages, layout_caves, basic_altar, uniq_jorgrun, uniq_maurice

Notes
Turn   | Place    | Note
-------+----------+-------------------------------------------
     0 | D:1      | ytrimaz the Demigod Transmuter began the quest for the Orb.
     0 | D:1      | Reached XP level 1. HP: 15/15 MP: 5/5
     0 | D:1      | magus.rc [v1.9.6]
   324 | D:1      | You pick up a book of Debilitation and begin reading...
   324 | D:1      | You add the spells Slow, Vampiric Draining and Confusing
                  | Touch to your library.
   473 | D:1      | Reached skill level 2 in Transmutations
   473 | D:1      | Reached XP level 2. HP: 19/22 MP: 5/7
   594 | D:1      | Reached skill level 1 in Poison Magic
  1220 | D:2      | Learned a level 2 spell: Wereblood
  1354 | D:2      | Reached skill level 2 in Spellcasting
  1701 | D:2      | Reached skill level 1 in Ice Magic
  1701 | D:2      | Reached XP level 3. HP: 10/27 MP: 8/8
  1705 | D:2      | Learned a level 3 spell: Spider Form
  2343 | D:3      | Noticed Ijyb
  2366 | D:3      | Killed Ijyb
  2367 | D:3      | Reached skill level 2 in Poison Magic
  2507 | D:3      | Noticed Terence
  2522 | D:3      | Killed Terence
  2523 | D:3      | Reached XP level 4. HP: 19/34 MP: 10/10
  2771 | D:3      | Reached skill level 2 in Ice Magic
  2912 | D:3      | Noticed Natasha
  2922 | D:3      | Killed Natasha
  2923 | D:3      | Reached XP level 5. HP: 28/39 MP: 8/11
  3063 | D:3      | Noticed Robin
  3069 | D:3      | Reached skill level 3 in Transmutations
  3088 | D:3      | Killed Robin
  3672 | D:4      | Reached skill level 3 in Ice Magic
  3679 | D:4      | Reached skill level 3 in Spellcasting
  3796 | D:4      | Reached XP level 6. HP: 37/46 MP: 7/13
  4117 | D:4      | Found a staircase to the Ecumenical Temple.
  4365 | D:5      | Entered Level 5 of the Dungeon
  4365 | D:5      | Noticed Blork the orc
  4381 | D:5      | Killed Blork the orc
  4382 | D:5      | Reached skill level 4 in Transmutations
  4406 | D:5      | Learned a level 4 spell: Ice Form
  4687 | D:5      | Reached skill level 4 in Spellcasting
  4687 | D:5      | Reached XP level 7. HP: 51/51 MP: 9/16
  4752 | D:5      | Identified a scroll of acquirement
  4752 | D:5      | Acquired the ring "Leosias" {rCorr MP+9}
  4836 | D:5      | Reached skill level 5 in Transmutations
  4839 | D:5      | HP: 11/51 [ogre/+0 giant spiked club (24)]
  4844 | D:5      | HP: 12/51 [white imp (2)]
  5064 | D:5      | You pick up a book of Burglary and begin reading...
  5064 | D:5      | You add the spells Passwall, Ensorcelled Hibernation and
                  | Swiftness to your library.
  5182 | D:5      | You pick up a book of Ice and begin reading...
  5182 | D:5      | You add the spells Simulacrum, Ozocubu's Refrigeration and
                  | Polar Vortex to your library.
  5444 | D:6      | Reached skill level 6 in Transmutations
  5445 | D:6      | HP: 15/61 [orc priest/+0 club (3)]
  5680 | D:6      | Reached skill level 5 in Spellcasting
  5680 | D:6      | Reached XP level 8. HP: 55/58 MP: 19/19
  5860 | D:6      | Reached skill level 7 in Transmutations
  6482 | D:7      | You pick up a book of Scorching and begin reading...
  6482 | D:7      | You add the spells Scorch, Flame Wave and Summon Cactus
                  | Giant to your library.
  6644 | D:7      | You fall into a shaft and drop 1 floor!
  6755 | D:8      | Noticed a two-headed ogre
  6771 | D:8      | Killed a two-headed ogre
  6772 | D:8      | Reached skill level 6 in Spellcasting
  6772 | D:8      | Reached skill level 8 in Transmutations
  6815 | D:7      | Reached XP level 9. HP: 35/63 MP: 22/22
  7126 | D:7      | Reached skill level 9 in Transmutations
  7891 | D:8      | Reached skill level 7 in Spellcasting
  7899 | D:8      | Reached skill level 10 in Transmutations
  8076 | D:8      | Reached skill level 2 in Dodging
  8230 | D:8      | Reached skill level 3 in Unarmed Combat
  8244 | D:8      | HP: 14/75 [orc warrior/+0 battleaxe (17)]
  8282 | D:8      | HP: 11/63 [orc warrior/+0 battleaxe (10)]
  8285 | D:8      | Reached XP level 10. HP: 13/70 MP: 26/26
  8671 | D:9      | Identified the +4 long sword of the Wheel {venom, Drain Fly
                  | rElec rPois}
  8726 | D:9      | HP: 14/84 [troll (10)]
  8728 | D:9      | HP: 2/105 [troll (9)]
  8733 | D:9      | HP: 10/105 [troll (8)]
  8737 | D:9      | Reached skill level 8 in Spellcasting
  9207 | D:8      | Reached skill level 3 in Dodging
  9207 | D:8      | Reached skill level 4 in Unarmed Combat
  9655 | D:9      | Reached skill level 4 in Dodging
  9709 | D:9      | HP: 13/70 [troll (13)]
  9709 | D:9      | HP: 1/70 [troll (12)]
  9730 | D:9      | Reached skill level 5 in Unarmed Combat
 10068 | D:10     | Entered Level 10 of the Dungeon
 10212 | D:10     | Found a staircase to the Orcish Mines.
 10380 | D:10     | Noticed Snorg
 10413 | D:10     | Killed Snorg
 10414 | D:10     | Reached skill level 5 in Dodging
 10414 | D:10     | Reached skill level 6 in Unarmed Combat
 10697 | D:10     | Noticed a two-headed ogre
 10723 | D:10     | Killed a two-headed ogre
 10724 | D:10     | Reached skill level 6 in Dodging
 10793 | D:10     | You pick up a book of Vapours and begin reading...
 10793 | D:10     | You add the spells Poisonous Vapours, Mephitic Cloud and
                  | Freezing Cloud to your library.
 10981 | D:10     | Noticed a manticore
 10990 | D:10     | HP: 17/70 [manticore (8)]
 11306 | D:10     | Identified the ring "Muxobi" {Ice rPois rCorr Dex-4 Stlth+}
 11558 | D:10     | Killed a manticore
 11744 | Orc:1    | Entered Level 1 of the Orcish Mines
 11744 | Orc:1    | Noticed an orc warlord
 11926 | D:11     | Reached skill level 7 in Unarmed Combat
 11926 | D:11     | Reached XP level 11. HP: 46/75 MP: 27/27
 12458 | D:11     | Found a staircase to the Lair.
 12757 | D:11     | Reached skill level 7 in Dodging
 13256 | D:12     | Reached skill level 8 in Unarmed Combat
 13444 | D:12     | You pick up a book of Transfigurations and begin reading...
 13444 | D:12     | You add the spells Irradiate, Blade Hands and Dragon Form
                  | to your library.
 13484 | D:11     | Learned a level 5 spell: Blade Hands
 13490 | D:11     | Learned a level 5 spell: Irradiate
 13498 | D:11     | Learned a level 7 spell: Dragon Form
 13700 | D:12     | Identified the +8 hand axe of Amortisation {holy, rElec}
 13973 | Lair:1   | Entered Level 1 of the Lair of Beasts
 14049 | Lair:1   | Identified the +3 war axe of Faduschid {elec, rC- Will++}
 14219 | Lair:1   | Reached skill level 8 in Dodging
 14391 | Lair:1   | You add the spells Sting, Volatile Blastmotes, Olgreb's
                  | Toxic Radiance and Starburst to your library.
 14391 | Lair:1   | Got Sif Muna's Papyrus of Impurities and Fever
 14910 | Lair:2   | Found a large runed translucent door.
 14910 | Lair:2   | Found a large runed translucent door.
 14912 | Lair:2   | Noticed mandoloar's ghost (journeyman OpTm)
 14958 | Lair:2   | Noticed a skyshark
 15017 | Lair:2   | Killed a skyshark
 15018 | Lair:2   | Reached skill level 11 in Transmutations
 15136 | Lair:2   | You pick up a book of the Sky and begin reading...
 15136 | Lair:2   | You add the spells Summon Lightning Spire, Storm Form and
                  | Maxwell's Capacitive Coupling to your library.
 15400 | Lair:2   | Found a staircase to the Snake Pit.
 15493 | Lair:2   | Reached XP level 12. HP: 82/82 MP: 24/28
 15494 | Lair:2   | Reached skill level 12 in Transmutations
 16436 | Lair:3   | Reached skill level 13 in Transmutations
 16456 | Lair:3   | Noticed a boulder beetle
 16474 | Lair:3   | Reached skill level 14 in Transmutations
 16482 | Lair:3   | Killed a boulder beetle
 16587 | Lair:3   | Found a staircase to the Shoals.
 17374 | Lair:4   | Reached skill level 15 in Transmutations
 17384 | Lair:4   | Reached XP level 13. HP: 88/88 MP: 27/29
 17432 | Lair:4   | Found a staircase to the Slime Pits.
 17614 | Lair:4   | Reached skill level 9 in Dodging
 17668 | Lair:4   | Reached skill level 9 in Unarmed Combat
 17726 | Lair:4   | magus.rc [v1.9.6]
 17969 | Lair:4   | Gained mutation: You are strong-willed. (Will+) [mutagenic
                  | glow]
 17982 | Lair:4   | Gained mutation: Potions are less effective at restoring
                  | your health. [mutagenic glow]
 18003 | Lair:4   | Gained mutation: You are occasionally teleported next to
                  | monsters. [mutagenic glow]
 18136 | Lair:4   | Lost mutation: Potions are less effective at restoring your
                  | health. [potion of mutation]
 18136 | Lair:4   | Lost mutation: You are occasionally teleported next to
                  | monsters. [potion of mutation]
 18136 | Lair:4   | Gained mutation: You are occasionally teleported next to
                  | monsters. [potion of mutation]
 18136 | Lair:4   | Gained mutation: You have hidden genetic potential. [potion
                  | of mutation]
 18136 | Lair:4   | Gained mutation: You expend magic power (3 MP) to
                  | strengthen your wands. [potion of mutation]
 18598 | Slime:1  | Entered Level 1 of the Pits of Slime
 18598 | Slime:1  | Noticed an azure jelly
 18598 | Slime:1  | You fall into a shaft and drop 1 floor!
 18598 | Slime:2  | Noticed a rockslime
 18662 | Lair:5   | Entered Level 5 of the Lair of Beasts
 18961 | Lair:5   | HP: 29/132 [ten-headed hydra (6)]
 19073 | Lair:5   | Reached skill level 10 in Dodging
 19344 | Lair:5   | Reached skill level 10 in Unarmed Combat
 19453 | Lair:5   | Reached skill level 16 in Transmutations
 19577 | Lair:5   | You add the spells Inner Flame, Portal Projectile and
                  | Summon Mana Viper to your library.
 19577 | Lair:5   | Got the Papyrus of Malisons
 20140 | Orc:1    | Noticed Erica
 20161 | D:10     | Killed an orc warlord
 20162 | D:10     | Reached skill level 1 in Fighting
 20162 | D:10     | Reached skill level 11 in Unarmed Combat
 20323 | Orc:1    | Killed Erica
 20324 | Orc:1    | Reached XP level 14. HP: 97/97 MP: 30/30
 20332 | Orc:1    | Reached skill level 2 in Fighting
 20378 | Orc:1    | Noticed Harold
 20385 | Orc:1    | Killed Harold
 20647 | Orc:1    | Found a large runed translucent door.
 20647 | Orc:1    | Found a large runed translucent door.
 20649 | Orc:1    | Noticed Rauqumuf's ghost (journeyman TeAE)
 20669 | Orc:1    | Killed Rauqumuf's ghost
 20780 | Orc:1    | Found a runed translucent door.
 20783 | Orc:1    | Noticed a balrug
 21282 | Orc:1    | Lost mutation: You are occasionally teleported next to
                  | monsters. [potion of mutation]
 21282 | Orc:1    | Lost mutation: You have hidden genetic potential. [potion
                  | of mutation]
 21282 | Orc:1    | Gained mutation: Armour fits poorly on your strangely
                  | shaped body. [potion of mutation]
 21282 | Orc:1    | Gained mutation: Your system is resistant to poisons.
                  | (rPois) [potion of mutation]
 21303 | Orc:2    | Entered Level 2 of the Orcish Mines
 21331 | Orc:2    | Noticed an orc warlord
 21353 | Orc:1    | Killed an orc warlord
 21466 | Orc:2    | Reached skill level 3 in Fighting
 21649 | Orc:2    | Noticed Maurice
 21677 | Orc:2    | Reached skill level 12 in Unarmed Combat
 21687 | Orc:2    | Killed Maurice
 21690 | Orc:2    | Reached skill level 4 in Fighting
 21867 | Orc:2    | Found Imiyg's Book Shop.
 21867 | Orc:2    | Found Biutaoptue's Jewellery Shop.
 21868 | Orc:2    | Found Zetragop's Magic Scroll Boutique.
 21872 | Orc:2    | Found Unlynonn's Armour Boutique.
 21898 | Orc:2    | Bought the amulet of the Four Winds {rN+ Will+++ Clar} for
                  | 667 gold pieces
 21898 | Orc:2    | Found the amulet of the Four Winds {rN+ Will+++ Clar}
 21898 | Orc:2    | Bought a ring of the Octopus King {HP+2 MP+9 AC+2 EV+2
                  | SH+2} for 620 gold pieces
 21898 | Orc:2    | Found the ring of the Octopus King {HP+2 MP+9 AC+2 EV+2
                  | SH+2}
 22011 | Orc:2    | Found a staircase to the Elven Halls.
 22020 | Orc:2    | Learned a level 7 spell: Storm Form
 22144 | Orc:2    | Reached skill level 5 in Fighting
 22243 | Orc:2    | Identified a +2 robe of the Archmagi
 22243 | Orc:2    | Noticed Jorgrun
 22252 | Orc:2    | Killed Jorgrun
 22801 | D:12     | Reached skill level 6 in Fighting
 22936 | D:12     | Identified the staff of poison "Ehen" {Contam Fly rPois rC+
                  | Stlth+}
 23334 | D:13     | a vampire comes into view. It is wearing the brooch of
                  | Shielding {Spirit SH+8}.
 23334 | D:13     | HP: 20/169 [cyclops/large rock (24)]
 23642 | D:13     | Reached skill level 7 in Fighting
 23795 | D:13     | You pick up a book of Unlife and begin reading...
 23795 | D:13     | You add the spells Animate Dead, Borgnjor's Vile Clutch and
                  | Death Channel to your library.
 23844 | D:13     | Upgraded the game from 0.30-a0-1053-gbd8d5ba0ad to
                  | 0.30-a0-1066-g63dfefce0d
 23844 | D:13     | magus.rc [v1.9.6]
 24089 | D:13     | Identified the staff of conjuration "Teuh" {rPois rF+}
 24100 | D:13     | You pick up a book of Beasts and begin reading...
 24100 | D:13     | You add the spells Summon Ice Beast and Monstrous Menagerie
                  | to your library.
 24345 | D:13     | Reached skill level 8 in Fighting
 24698 | D:13     | Found a gate to the Vaults.
 25556 | D:14     | Found Codyiwku's Distillery.
 25565 | D:14     | Bought a potion of might for 72 gold pieces
 25565 | D:14     | Bought a potion of heal wounds for 90 gold pieces
 25565 | D:14     | Bought a potion of heal wounds for 90 gold pieces
 25565 | D:14     | Bought a potion of curing for 54 gold pieces
 25887 | D:14     | Reached skill level 9 in Fighting
 26032 | D:15     | Entered Level 15 of the Dungeon
 26159 | D:15     | Reached skill level 1 in Air Magic
 26178 | D:15     | Reached skill level 10 in Fighting
 26185 | D:15     | Reached skill level 2 in Air Magic
 26185 | D:15     | Reached XP level 15. HP: 126/126 MP: 31/31
 26193 | D:15     | Reached skill level 3 in Air Magic
 26684 | D:15     | Reached skill level 4 in Air Magic
 26840 | D:15     | Found a staircase to the Depths.
 27328 | Orc:1    | Identified the +3 war axe "Kygeymp" {spect, rN+ MP+9}
 27752 | Shoals:1 | Entered Level 1 of the Shoals
 27778 | Shoals:1 | HP: 45/192 [poisoned by a sea snake]
 27783 | Shoals:1 | HP: 33/192 [poisoned by a sea snake]
 27788 | Shoals:1 | HP: 20/192 [poisoned by a sea snake]
 27791 | Shoals:1 | Reached skill level 5 in Air Magic
 28809 | Shoals:1 | You pick up a book of Alchemy and begin reading...
 28809 | Shoals:1 | You add the spells Sublimation of Blood and Petrify to your
                  | library.
 29005 | Shoals:2 | Reached skill level 9 in Spellcasting
 29005 | Shoals:2 | Reached skill level 6 in Air Magic
 29030 | Shoals:2 | HP: 25/128 [alligator snapping turtle (34)]
 29308 | Shoals:2 | Reached skill level 7 in Air Magic
 29724 | Shoals:2 | Identified the +9 plate armour of Utoim {Will++ Str+2 Dex-4
                  | Stlth+}
 29768 | Shoals:2 | Noticed a titan
 29770 | Shoals:2 | Reached skill level 8 in Air Magic
 29794 | Shoals:2 | Killed a titan
 30439 | Shoals:2 | Noticed a kraken
 30447 | Shoals:2 | Killed a kraken
 30618 | Shoals:3 | Found Ukis Afo's Magic Scroll Boutique.
 30633 | Shoals:3 | Reached skill level 9 in Air Magic
 30643 | Shoals:3 | Reached skill level 10 in Spellcasting
 30660 | Shoals:3 | Noticed Polyphemus
 30674 | Shoals:3 | HP: 32/128 [Polyphemus (11)]
 30675 | Shoals:3 | Killed Polyphemus
 30686 | Shoals:3 | Reached XP level 16. HP: 54/134 MP: 35/35
 30691 | Shoals:3 | HP: 32/136 [death yak[Polyphemus] (9)]
 30691 | Shoals:3 | HP: 15/136 [death yak[Polyphemus] (4)]
 31276 | Shoals:3 | Reached skill level 10 in Air Magic
 31359 | Shoals:3 | Bought a scroll of fear for 64 gold pieces
 31359 | Shoals:3 | Bought a scroll of identify for 32 gold pieces
 31359 | Shoals:3 | Bought a scroll of identify for 32 gold pieces
 31359 | Shoals:3 | Bought a scroll of magic mapping for 120 gold pieces
 31393 | Shoals:3 | HP: 29/136 [faun/+0 quarterstaff[a satyr] (10)]
 31572 | Shoals:3 | HP: 37/204 [satyr/arrow (15)]
 31629 | Shoals:3 | HP: 24/136 [merfolk aquamancer/ball of steam (17)]
 31631 | Shoals:3 | HP: 8/136 [merfolk aquamancer/ball of steam (17)]
 32024 | Shoals:3 | Found a runed translucent gate.
 32024 | Shoals:3 | Found a runed translucent gate.
 32024 | Shoals:3 | Found a runed translucent gate.
 32025 | Shoals:3 | Noticed ShnitzelX3's ghost (adept DEHu)
 32131 | Shoals:3 | Gained mutation: You do not regenerate when monsters are
                  | visible. [mutagenic glow]
 32351 | Shoals:3 | Reached skill level 11 in Air Magic
 32376 | Shoals:3 | Killed ShnitzelX3's ghost
 32401 | Shoals:3 | Lost mutation: You are strong-willed. (Will+) [potion of
                  | mutation]
 32401 | Shoals:3 | Lost mutation: You do not regenerate when monsters are
                  | visible. [potion of mutation]
 32401 | Shoals:3 | Lost mutation: You expend magic power (3 MP) to strengthen
                  | your wands. [potion of mutation]
 32401 | Shoals:3 | Gained mutation: You are weak. (Str -2) [potion of
                  | mutation]
 32401 | Shoals:3 | Gained mutation: You occasionally shout uncontrollably at
                  | your foes. [potion of mutation]
 32402 | Shoals:3 | Lost mutation: Your system is resistant to poisons. (rPois)
                  | [potion of mutation]
 32402 | Shoals:3 | Lost mutation: You are weak. (Str -2) [potion of mutation]
 32402 | Shoals:3 | Gained mutation: You have large cloven feet. [potion of
                  | mutation]
 32402 | Shoals:3 | Gained mutation: Your flesh is cold resistant. (rC+)
                  | [potion of mutation]
 32436 | Shoals:4 | Entered Level 4 of the Shoals
 32449 | Shoals:4 | Paralysed by an air elemental for 1 turns
 32452 | Shoals:4 | Paralysed by an air elemental for 1 turns
 32636 | Shoals:4 | Paralysed by an air elemental for 1 turns
 32637 | Shoals:4 | HP: 33/136 [air elemental (4)]
 32645 | Shoals:4 | HP: 29/136 [merfolk javelineer/silver javelin (1)]
 32655 | Shoals:4 | HP: 7/136 [merfolk javelineer/silver javelin (12)]
 32655 | Shoals:4 | Hit by a silver javelin thrown by a merfolk javelineer

Vanquished Creatures
  Jorgrun (Orc:2)
  A titan (Shoals:2)
  Polyphemus (Shoals:3)
  A kraken (Shoals:2)
  2 orc warlords
  The ghost of ShnitzelX3 the Markself, an adept DEHu of Ru (Shoals:3)
  A balrug (Orc:1)
  The ghost of Rauqumuf the Devastator, a journeyman TeAE of Qazlal (Orc:1)
  2 merfolk javelineers (Shoals:3)
  5 merfolk impalers
  A yaktaur captain (D:13)
  An ettin (Orc:2)
  4 hydras
  An ice dragon (Shoals:3)
  Harold (Orc:1)
  2 merfolk aquamancers (Shoals:3)
  2 merfolk avatars (Shoals:3)
  Erica (Orc:1)
  A boulder beetle (Lair:3)
  4 catoblepae
  3 satyrs (Shoals:3)
  3 two-headed ogres
  2 alligator snapping turtles
  19 death yaks
  5 centaur warriors
  5 orc high priests
  4 skeletal warriors (D:15)
  10 sea snakes
  9 skysharks
  An orb spider (shapeshifter) (D:13)
  11 harpies (Shoals:2)
  An orc knight (D:13)
  A lindwurm (Lair:5)
  A wizard (D:15)
  A steelbarb worm (shapeshifter) (D:15)
  3 orc sorcerers
  A deep elf pyromancer (D:13)
  A wolf spider (D:15)
  13 cyclopes
  16 ugly things
  A spectral merfolk (Shoals:3)
  16 manticores
  13 fauns
  3 merfolk sirens
  11 elephants
  2 guardian serpents (D:15)
  7 black mambas
  Maurice (Orc:2)
  3 spectral sea snakes (Shoals:3)
  4 water nymphs
  A torpor snail (Lair:2)
  7 komodo dragons
  A freezing wraith (D:14)
  2 yaktaurs (D:13)
  10 cane toads
  An efreet (D:15)
  A tengu conjurer (D:14)
  6 trolls
  A polar bear (Lair:5)
  A spectral harpy (Shoals:3)
  4 wind drakes
  23 merfolk
  6 dream sheep (Shoals:2)
  14 blink frogs
  8 snapping turtles
  A centaur simulacrum (D:15)
  3 air elementals (Shoals:4)
  14 slime creatures
  9 water elementals
  A vampire (D:13)
  4 wraiths
  6 wyverns
  A shadow (D:12)
  A basilisk (shapeshifter) (D:14)
  52 yaks
  9 vampire mosquitoes
  A basilisk (Lair:3)
  A yak (shapeshifter) (D:14)
  4 wargs
  A harpy simulacrum (Shoals:3)
  A spectral snapping turtle (Shoals:3)
  2 acid dragons
  3 nagas (Lair:2)
  14 water moccasins
  31 orc warriors
  A black bear (shapeshifter) (D:13)
  2 sky beasts
  A satyr simulacrum (Shoals:3)
  2 black bears
  15 wolves
  2 ice beasts
  10 ogres
  A wind drake simulacrum (Shoals:3)
  13 centaurs
  A phantom (D:7)
  Blork the orc (D:5)
  15 bullfrogs
  A kobold brigand (D:6)
  2 scorpions (D:5)
  3 wights (D:8)
  A manticore simulacrum (Shoals:3)
  3 electric eels
  16 howler monkeys
  4 hounds
  35 orc priests
  Terence (D:3)
  2 iguanas (D:7)
  Ijyb (D:3)
  Natasha (D:3)
  32 orc wizards
  Robin (D:3)
  6 adders
  16 gnolls
  A shadow imp (D:5)
  A white imp (D:5)
  5 ufetubi
  3 dart slugs
  76 orcs
  8 ball pythons
  5 endoplasms
  2 giant cockroaches
  9 goblins
  6 hobgoblins
  2 jackals (D:4)
  2 quokkas
  3 bats
  4 frilled lizards
  4 kobolds
  5 rats
  3 tentacles (Shoals:2)
778 creatures vanquished.

Vanquished Creatures (collateral kills)
  Snorg (D:10)
  A troll (D:9)
  3 yaks (D:8)
  An orc warrior (D:8)
  An orc (D:8)
7 creatures vanquished.

Vanquished Creatures (others)
  An orc priest (Orc:2)
  An orc wizard (D:11)
  17 fungi
  139 plants
  5 tentacles (Shoals:2)
163 creatures vanquished.

Grand Total: 948 creatures vanquished

Table legend:
 A = Non-vault XP
 B = Vault XP
 C = Vault XP percentage of total XP
 D = Non-vault monster count
 E = Vault monster count
 F = Vault count percentage of total count
                 A         B        C        D         E       F
            +---------+---------+-------+---------+---------+-------
      Total |  153097 |   57053 |  27.1 |     603 |     179 |  22.9
            +---------+---------+-------+---------+---------+-------
        D:1 |      19 |       0 |   0.0 |      11 |       0 |   0.0
        D:2 |      48 |       0 |   0.0 |      17 |       0 |   0.0
        D:3 |     125 |     140 |  52.8 |      15 |      14 |  48.3
        D:4 |     255 |       0 |   0.0 |      16 |       0 |   0.0
        D:5 |     729 |      96 |  11.6 |      19 |       1 |   5.0
        D:6 |     617 |     127 |  17.1 |      19 |       1 |   5.0
        D:7 |    1457 |       0 |   0.0 |      26 |       0 |   0.0
        D:8 |    3433 |       0 |   0.0 |      35 |       0 |   0.0
        D:9 |    1589 |       0 |   0.0 |      21 |       0 |   0.0
       D:10 |    4594 |    1447 |  24.0 |      21 |       6 |  22.2
       D:11 |    2592 |     598 |  18.7 |      14 |       8 |  36.4
       D:12 |    5702 |       0 |   0.0 |      20 |       0 |   0.0
       D:13 |    3576 |    5777 |  61.8 |       8 |      13 |  61.9
       D:14 |    9882 |       0 |   0.0 |      20 |       0 |   0.0
       D:15 |   10063 |    2874 |  22.2 |      23 |       6 |  20.7
     Lair:1 |    3287 |       0 |   0.0 |      18 |       0 |   0.0
     Lair:2 |    6360 |     455 |   6.7 |      20 |       3 |  13.0
     Lair:3 |    9942 |    1966 |  16.5 |      26 |       8 |  23.5
     Lair:4 |   12251 |       0 |   0.0 |      38 |       0 |   0.0
     Lair:5 |    9705 |   12093 |  55.5 |      32 |      25 |  43.9
   Shoals:1 |   12354 |       0 |   0.0 |      24 |       0 |   0.0
   Shoals:2 |   21095 |    6460 |  23.4 |      40 |      18 |  31.0
   Shoals:3 |   24382 |   10372 |  29.8 |      47 |      18 |  27.7
   Shoals:4 |    1599 |    3161 |  66.4 |       3 |       8 |  72.7
      Orc:1 |    4571 |    3612 |  44.1 |      37 |       4 |   9.8
      Orc:2 |    2870 |    7875 |  73.3 |      33 |      46 |  58.2
            +---------+---------+-------+---------+---------+-------

Illustrated notes

Table legend:
 A = Kills in this place as a percentage of kills in the entire game.
 B = Kills by you in this place as a percentage of kills by you in the entire game.
 C = Kills by friends in this place as a percentage of kills by friends in the entire game.
 D = Other kills in this place as a percentage of other kills in the entire game.
 E = Experience gained in this place as a percentage of experience gained in the entire game.
 F = Experience gained in this place divided by the number of levels of this place that you have seen.
                   A       B       C       D       E      F
               +-------+-------+-------+-------+-------+----------------------
         Total | 100.0 | 100.0 | 100.0 |   N/A | 100.0 | 7505.4
       Dungeon |  42.7 |  42.2 | 100.0 |   N/A |  26.5 | 3716.0
          Lair |  21.7 |  21.9 |   0.0 |   N/A |  26.7 | 11211.8
        Shoals |  20.2 |  20.4 |   0.0 |   N/A |  37.8 | 19855.8
  Orcish Mines |  15.3 |  15.5 |   0.0 |   N/A |   9.0 | 9464.0
               +-------+-------+-------+-------+-------+----------------------

Table legend: (Time is in decaauts)
 A = Elapsed time spent in this place.
 B = Non-inter-level travel time spent in this place.
 C = Inter-level travel time spent in this place.
 D = Time resting spent in this place.
 E = Time spent auto-exploring this place.
 F = Levels seen in this place.
 G = Mean time per level.
                   A        B        C        D        E       F      G
               +--------+--------+--------+--------+--------+-----+--------+
         Total |  32498 |  30875 |   1623 |   3654 |  21791 |  28 | 1160.6 |
       Dungeon |  18639 |  17692 |    947 |   2133 |  12580 |  15 | 1242.6 |
          Lair |   6086 |   5728 |    358 |    149 |   4589 |   5 | 1217.2 |
        Shoals |   4975 |   4873 |    102 |   1048 |   2932 |   4 | 1243.8 |
    Slime Pits |     23 |     23 |      0 |      0 |      0 |   2 |   11.5 |
  Orcish Mines |   2773 |   2558 |    215 |    323 |   1689 |   2 | 1386.5 |
               +--------+--------+--------+--------+--------+-----+--------+

Top non-repeatable levels by time:
    D:10: 1877 daAuts
Shoals:2: 1829 daAuts
    D:11: 1698 daAuts
     D:9: 1607 daAuts
Shoals:1: 1495 daAuts
   Orc:1: 1480 daAuts
Shoals:3: 1435 daAuts
  Lair:4: 1434 daAuts
     D:3: 1342 daAuts
    D:12: 1323 daAuts
   Orc:2: 1293 daAuts
  Lair:5: 1268 daAuts
  Lair:2: 1250 daAuts
    D:14: 1240 daAuts
    D:13: 1228 daAuts
